 Dungeon Crawl Stone Soup version 0.29.1-14-g9c671dbff4 (webtiles) character file.

Game seed: 12696580225697685875

147 FexLirch the Cudgeller (level 5, 0/41 HPs)
             Began as a Formicid Abyssal Knight on Feb 21, 2023.
             Was a Priest of Lugonu.
             Succumbed to a scorpion's poison
             ... on level 4 of the Dungeon.
             The game lasted 00:06:17 (3866 turns).

FexLirch the Cudgeller (Formicid Abyssal Knight)    Turns: 3866, Time: 00:06:18

Health: 0/41       AC:  5    Str: 22    XL:     5   Next: 54%
Magic:  7/7        EV: 11    Int: 13    God:    Lugonu [***...]
Gold:   162        SH:  0    Dex: 12    Spells: 4/4 levels left

rFire   . . .      SeeInvis +   a - +1 mace
rCold   . . .      Faith    .   (no shield)
rNeg    . . .      Spirit   .   b - +0 leather armour
rPois   .          Reflect  .   (helmet unavailable)
rElec   .          Harm     .   r - +0 cloak
rCorr   +          Rampage  .   x - +0 pair of gloves
Will    +....                   (no boots)
Stlth   +.........              (no amulet)
HPRegen 0.13/turn               c - ring of resist corrosion
MPRegen 0.10/turn               n - ring of willpower

@: lethally poisoned (0 -> -13), attractive
A: permanent stasis, dig shafts and tunnels, antennae 3, four strong arms,
clever 1, sense surroundings 1, strong 1, inability to read after injury 1
a: Dig, Shaft Self, Renounce Religion, Depart the Abyss, Bend Space, Banish


You were on level 4 of the Dungeon.
You worshipped Lugonu.
Lugonu was most pleased with you.
You visited 1 branch of the dungeon, and saw 5 of its levels.
You visited the Abyss 1 time.

You collected 162 gold pieces.

Inventory:

Hand Weapons
 a - a +1 mace (weapon)
 h - a +0 whip of venom
 i - a +0 trident
Missiles
 y - 5 curare-tipped darts
Armour
 b - a +0 leather armour (worn)
 r - a +0 cloak (worn)
 x - a +0 pair of gloves (worn)
Jewellery
 c - a ring of resist corrosion (left hand)
 m - an amulet of faith
 n - a ring of willpower (right hand)
 u - a ring of fire
Scrolls
 e - a scroll of amnesia {unknown}
 f - 5 scrolls of teleportation {unknown}
 g - 2 scrolls of fear {unknown}
 k - 2 scrolls of noise {unknown}
 o - a scroll of magic mapping {unknown}
 p - a scroll of blinking {unknown}
 v - a scroll of torment {unknown}
 w - a scroll of enchant armour {unknown}
 A - a scroll of identify {unknown}
 C - a scroll of summoning {unknown}
Potions
 d - a potion of attraction
 j - a potion of flight {unknown}
 l - a potion of degeneration {unknown}
 q - a potion of resistance {unknown}
 s - 2 potions of mutation
 t - a potion of might {unknown}
 z - a potion of heal wounds {unknown}


   Skills:
 - Level 3.2 Fighting
 + Level 4.7 Maces & Flails
 - Level 2.1 Armour
 - Level 0.8 Dodging
 + Level 3.5 Invocations


You had 4 spell levels left.
You didn't know any spells.
Your spell library was empty.

Dungeon Overview and Level Annotations

Branches:
Dungeon (5/15)
 Temple: D:4-7

Altars:
Yredelemnul


Innate Abilities, Weirdness & Mutations

You cannot be hasted, slowed, berserked, paralysed or teleported.
You can dig through walls and to a lower floor.
You have a pair of large antennae on your head. (SInv)
Your four strong arms can wield two-handed weapons with a shield.
Your mind is acute. (Int +4, Str/Dex -1)
You passively map a small area around you.
Your muscles are strong. (Str +4, Int/Dex -1)
You occasionally lose the ability to read scrolls when taking damage.


Message History

You hit the scorpion.
The scorpion is heavily wounded.
You feel sick. The scorpion barely misses you.
You hit the scorpion but do no damage.
The scorpion is heavily wounded.
You feel sick. The scorpion barely misses you. x2
You closely miss the scorpion.
The scorpion is heavily wounded.
You feel sick. The scorpion barely misses you.
It was a potion of attraction.
You feel attractive to monsters.
You feel sick. The scorpion closely misses you.
You hit the scorpion but do no damage.
The scorpion is heavily wounded.
You feel sick.
You are no longer poisoned.
The scorpion stings you but does no damage.
The scorpion closely misses you.
You barely miss the scorpion.
The scorpion is heavily wounded.
The scorpion stings you.
* * * LOW HITPOINT WARNING * * *
It was a potion of mutation.
You feel extremely strange.
You feel clever.
You occasionally lose the ability to read scrolls when taking damage.
You feel a strange attunement to the structure of the dungeons.
You feel stronger. The scorpion closely misses you.
Okay, then.
Unknown command.
Unknown command.
You hit the scorpion but do no damage.
The scorpion is heavily wounded.
The scorpion stings you.
* * * LOW HITPOINT WARNING * * *
You are lethally poisoned!
The scorpion poisons you!
It was a potion of haste.
Your stasis prevents you from being hasted.
You die...

.#..####..#######
...>......#
.#.#####.#####
.............#
.#.......###.#
.###########.###
## #<.........###
########.....#
###.#@# * #.#s# *
, , #.#.# ,
*#.#.# , ....# ,
, ##### *


You could see a scorpion.

Vanquished Creatures
  A jelly (D:3)
  Robin (D:2)
  An adder (D:4)
  A gnoll (D:4)
  3 orcs
  6 ball pythons
  9 endoplasms
  3 giant cockroaches
  6 hobgoblins
  6 jackals
  5 kobolds
  6 quokkas
  3 bats
  3 frilled lizards
  15 goblins
  4 rats
73 creatures vanquished.

Vanquished Creatures (others)
  52 plants (D:4)
52 creatures vanquished.

Grand Total: 125 creatures vanquished

Notes
Turn   | Place    | Note
-------+----------+-------------------------------------------
     0 | Abyss:1  | FexLirch the Formicid Abyssal Knight began the quest for
                  | the Orb.
     0 | Abyss:1  | Reached XP level 1. HP: 18/18 MP: 2/2
     1 | D:1      | Escaped the Abyss
   101 | D:1      | Reached XP level 2. HP: 20/24 MP: 3/3
   211 | D:1      | Reached skill level 3 in Maces & Flails
   471 | D:1      | Found a faded altar of an unknown god.
   486 | D:1      | Reached XP level 3. HP: 25/29 MP: 4/4
   620 | D:1      | Reached *** piety under Lugonu
  1149 | D:2      | Noticed Robin
  1438 | D:2      | Reached skill level 4 in Maces & Flails
  1438 | D:2      | Reached XP level 4. HP: 30/35 MP: 5/5
  2034 | D:2      | Killed Robin
  3278 | D:3      | Reached XP level 5. HP: 31/41 MP: 7/7
  3721 | D:4      | Found a basalt altar of Yredelemnul.
  3825 | D:5      | Entered Level 5 of the Dungeon
  3864 | D:4      | Gained mutation: Your mind is acute. (Int +4, Str/Dex -1)
                  | [potion of mutation]
  3864 | D:4      | Gained mutation: You occasionally lose the ability to read
                  | scrolls when taking damage. [potion of mutation]
  3864 | D:4      | Gained mutation: You passively map a small area around you.
                  | [potion of mutation]
  3864 | D:4      | Gained mutation: Your muscles are strong. (Str +4, Int/Dex
                  | -1) [potion of mutation]
  3866 | D:4      | Succumbed to a scorpion's poison

Illustrated notes

Levels and vault maps discovered:
D:1:      ebering_hopf_link, layout_rooms,
          shapermc_ecumenical_altar_starsandcircs, st_stairs_7,
          minmay_split_cup_small
D:2:      layout_loops_ring, skrybe_limestone_x, kennysheep_generic_room_2,
          uniq_robin
D:3:      layout_basic, minmay_misc_feat_tiny, chequers_serial_rivers_micro_b,
          amethyst_killhole, minmay_misc_feat_encased, chequers_decorated_corner
D:4:      wad_woods_stonehenge, layout_basic, nicolae_qazlal_eye_of_the_storm
D:5:      layout_gridville, old_standard_altar, temple_pool_b, serial_shops,
          nicolae_shop_window_shopping

Skill      XL: |  1  2  3  4 |
---------------+-------------+-----
Maces & Flails | 3 4 |  4.7
Invocations    | 3 |  3.5
Fighting       | |  3.2
Armour         | |  2.1
Dodging        | |  0.8

Action                   |  1- 3 |  4- 6 || total
-------------------------+-------+-------++-------
Melee: Mace              |   112 |   119 ||   231
       Punch             |     1 |     1 ||     2
 Abil: Dig               |       |     1 ||     1
  Use: Potion            |       |     3 ||     3
 Stab: Sleeping          |       |     1 ||     1
Armor: Leather armour    |    42 |    47 ||    89
Dodge: Dodged            |    78 |    79 ||   157
